 Dungeon Crawl Stone Soup version 0.20.1-1-g8b1a95d (webtiles) character file.

483 Minstaer the Ruffian (level 6, -6/62 HPs)
             Began as a Troll Monk on Nov 7, 2017.
             Killed from afar by Dowan (17 damage)
             ... with a stone arrow
             ... on level 3 of the Dungeon.
             The game lasted 00:09:48 (3748 turns).

Minstaer the Ruffian (Troll Monk)                   Turns: 3748, Time: 00:09:49

Health: -6/62      AC:  5    Str: 22    XL:     6   Next: 88%
Magic:  5/5        EV: 11    Int:  6    God:
Gold:   109        SH:  0    Dex: 12    Spells: 5/5 levels left

rFire    . . .     SeeInvis .     - Unarmed
rCold    . . .     Gourm    +   (no shield)
rNeg     . . .     Faith    .   a - +0 robe
rPois    .         Spirit   .   (helmet restricted)
rElec    .         Reflect  .   v - scarf {repulsion}
rCorr    .         Harm     .   (gloves unavailable)
MR       .....                  (boots unavailable)
Stlth    ++........             (no amulet)
Regen    0.6/turn               (no ring)
MPRegen  0.1/turn               (no ring)

@: repel missiles
A: unfitting armour, claws 3, fast metabolism 3, gourmand, regeneration 1,
shaggy fur 1, tough skin 2
a: no special abilities


You were on level 3 of the Dungeon.
You were very full.

You visited 1 branch of the dungeon, and saw 4 of its levels.

You collected 159 gold pieces.
You spent 50 gold pieces at shops.

Inventory:

Hand Weapons
 t - a +1 mace of crushing
Missiles
 f - 93 stones (quivered)
 r - 5 javelins
Armour
 a - a +0 robe (worn)
 v - a scarf of repulsion (worn)
Scrolls
 e - a scroll of teleportation {unknown}
 i - a scroll of blinking {unknown}
 n - a scroll of immolation {unknown}
 p - a scroll of magic mapping {unknown}
 q - a scroll of enchant weapon {unknown}
 s - 2 scrolls of enchant armour {unknown}
 u - 3 scrolls of identify
 x - a scroll of random uselessness {unknown}
Potions
 c - a potion of magic
 g - 2 potions of brilliance
 h - a potion of curing {unknown}
 j - 3 potions of degeneration {unknown}
 k - a potion of haste {unknown}
 m - a potion of heal wounds {unknown}
 o - 2 potions of flight {unknown}
Comestibles
 b - 5 bread rations
 d - a royal jelly
 l - 5 meat rations


   Skills:
 + Level 3.8 Fighting
 * Level 2.5 Maces & Flails
 + Level 3.8 Dodging
 - Level 1.0 Stealth
 - Level 5.1 Unarmed Combat


You had 5 spell levels left.
You didn't know any spells.

Dungeon Overview and Level Annotations

Branches:
Dungeon (4/15)
 Temple: D:4-7

Altars:

Shops:
D:4 *

Annotations:
D:3 Dowan


Innate Abilities, Weirdness & Mutations

You are too large for most types of armour.
You have claws for hands.
Your metabolism is lightning-fast.
You like to eat raw meat.
Your natural rate of healing is unusually fast.
You are covered in fur. (AC +1)
You have very tough skin. (AC +2)


Message History

You miss Dowan. Dowan closely misses you. Dowan hits you but does no damage.
You miss Dowan. Dowan hits you with a dagger.
* * * LOW HITPOINT WARNING * * *
You claw Dowan!
Dowan is moderately wounded.
Dowan barely misses you.
You claw Dowan!
Dowan is severely wounded.
Dowan hits you with a dagger.
* * * LOW HITPOINT WARNING * * *
Dowan closely misses you.
You closely miss Dowan.
Dowan is severely wounded.
Dowan hits you but does no damage.
You barely miss Dowan.
Dowan is severely wounded.
Dowan misses you. Dowan casts a spell at you. The stone arrow hits you!
You die...

.#.# ##.## #.........#.... .#.#
#.# #..#.#.##.###.. .#.# #.#
#..#.#.##.# #.. ##.# ##'##
#.>#...##.# ### ##.# ##...##
#..##..##.# ...# ##.....##
#.........# ...# ##.......##
#..##..#### #
...###.........####......########
.....'.........'@e.........(.....
รท..###.........####......########
.### ##.......## ##.#.#.# #... .#
##)....## ###...# #... .# ##...##
#.### #... .#########'## #.# ##.#
........##)#### #.# #.#
.######.##.##.## #.# #.# .#
#.##.#.#.#######.# #.#


You could see Dowan.

Vanquished Creatures
  Sigmund (D:2)
  Duvessa (D:4)
  A scorpion (D:4)
  3 worker ants (D:4)
  A howler monkey skeleton (D:4)
  3 adders
  An ooze (D:3)
  2 worms (D:2)
  A leopard gecko (D:2)
  An orc (D:3)
  A ball python (D:1)
  4 bats
  5 giant cockroaches
  5 goblins
  9 hobgoblins
  6 jackals
  2 frilled lizards (D:2)
  7 kobolds
  7 rats
61 creatures vanquished.

Notes
Turn   | Place    | Note
-------+----------+-------------------------------------------
     0 | D:1      | Minstaer the Troll Monk began the quest for the Orb.
     0 | D:1      | Reached XP level 1. HP: 22/22 MP: 0/0
   249 | D:1      | Reached XP level 2. HP: 29/29 MP: 1/1
  1470 | D:2      | Noticed Sigmund
  1485 | D:2      | Killed Sigmund
  1485 | D:2      | Reached skill level 4 in Unarmed Combat
  1485 | D:2      | Reached XP level 3. HP: 15/37 MP: 2/2
  1485 | D:2      | Reached XP level 4. HP: 18/45 MP: 3/3
  1485 | D:2      | Reached XP level 5. HP: 22/53 MP: 4/4
  1979 | D:2      | Reached skill level 5 in Unarmed Combat
  3294 | D:4      | Reached skill level 1 in Maces & Flails
  3294 | D:4      | Reached XP level 6. HP: 38/61 MP: 5/5
  3546 | D:4      | Found Pasarhid's Assorted Antiques.
  3554 | D:4      | Bought a scroll of identify for 50 gold pieces
  3603 | D:4      | Noticed Duvessa
  3605 | D:4      | Noticed Dowan
  3740 | D:4      | Killed Duvessa
  3748 | D:3      | Killed from afar by Dowan

Skill      XL: |  1  2  3  4  5  6 |
---------------+-------------------+-----
Fighting       | 3 |  3.8
Dodging        | 3 |  3.8
Unarmed Combat | 4 5 |  5.1
Maces & Flails | 1 2 |  2.5
Stealth        | |  1.0

Action                   |  1- 3 |  4- 6 || total
-------------------------+-------+-------++-------
Melee: Unarmed           |    50 |    89 ||   139
       Punch             |     1 |       ||     1
       Mace              |       |    86 ||    86
  Use: Scroll            |     2 |     1 ||     3
 Stab: Sleeping          |     1 |       ||     1
  Eat: Chunk             |    10 |    26 ||    36
       Fruit             |     2 |       ||     2
Armor: Robe              |    17 |    51 ||    68
Dodge: Dodged            |    22 |   126 ||   148
